 Dungeon Crawl Stone Soup version 0.23.2-40-g277498a001 (webtiles) character file.

Game seed: 8075630493633728779

1883 MalarOregon the Skirmisher (level 8, -7/63 HPs)
             Began as a Purple Draconian Transmuter on Sept 21, 2019.
             Was a Follower of Hepliaklqana.
             Mangled by an orc warrior
             ... wielding a +0 long sword
              (14 damage)
             ... on level 6 of the Dungeon.
             The game lasted 00:16:49 (7755 turns).

MalarOregon the Skirmisher (DrTm)                   Turns: 7755, Time: 00:16:50

Health: -7/63      AC:  2    Str: 14    XL:     8   Next: 92%
Magic:  9/11       EV: 25    Int: 13    God:    Hepliaklqana [*.....]
Gold:   315        SH:  0    Dex: 18    Spells: 1/11 levels left

rFire    . . .     SeeInvis .     - Unarmed
rCold    . . .     Gourm    .   (shield currently unavailable)
rNeg     + . .     Faith    .   (armour unavailable)
rPois    x         Spirit   .   (helmet currently unavailable)
rElec    .         Reflect  .   (cloak currently unavailable)
rCorr    .         Harm     .   (gloves currently unavailable)
MR       ++...                  (boots currently unavailable)
Stlth    ++........             (no amulet)
HPRegen  0.20/turn              l - ring of protection from magic
MPRegen  0.12/turn              y - ring of positive energy

@: spider-form
A: tiny, (breathe power), unfitting armour, reduced essence, AC +6
a: End Transformation, Recall Ancestor, Ancestor Identity, Renounce Religion


You were on level 6 of the Dungeon.
You worshipped Hepliaklqana.
Hepliaklqana was aware of your devotion.
You were not hungry.
You were a venomous arachnid creature.
You visited 2 branches of the dungeon, and saw 7 of its levels.

You collected 315 gold pieces.

Inventory:

Hand Weapons
 v - a +0 shortbow
   (You took it off a centaur on level 6 of the Dungeon)
 z - a cursed +0 hand crossbow (melded)
   (You found it on level 5 of the Dungeon)
Missiles
 a - 55 arrows
 d - 64 sling bullets
 i - 20 bolts
 m - 7 javelins of penetration
 n - 193 stones (quivered)
 q - 3 tomahawks
 s - 7 needles of paralysis
 t - 9 poisoned needles
 x - a throwing net {!f}
Armour
 r - a +0 pair of gloves (melded)
   (You found it on level 4 of the Dungeon)
Jewellery
 l - a ring of protection from magic (left front leg)
   (You found it on level 3 of the Dungeon)
 w - a +3 ring of strength {unknown}
   (You found it on level 6 of the Dungeon)
 y - a ring of positive energy (right front leg)
   (You found it on level 5 of the Dungeon)
Wands
 u - a wand of paralysis (9)
   (You found it on level 6 of the Dungeon)
Scrolls
 g - 5 scrolls of remove curse {@r2}
 o - 4 scrolls of magic mapping
Potions
 b - 8 potions of curing {@q1}
 c - a potion of agility
 f - a potion of flight
 h - a potion of heal wounds {@q2}
 j - a potion of haste {@q3}
 k - 2 potions of mutation {!q}
 p - a potion of resistance
 A - 2 potions of berserk rage
Comestibles
 e - 10 rations {!d}
 B - 11 chunks of flesh


   Skills:
 + Level 6.9 Fighting
 + Level 6.0 Dodging
 + Level 4.6 Unarmed Combat
 - Level 2.4 Spellcasting
 + Level 6.6 Transmutations


You had one spell level left.
You knew the following spells:

 Your Spells              Type           Power        Failure   Level  Hunger
a - Blade Hands           Tmut           ###.......   63%         5    ######.
s - Sticks to Snakes      Tmut           ###.....     10%         2    ###....
x - Spider Form           Tmut/Pois      ##........   38%         3    ###....

Your spell library contained the following spells:

 Spells                   Type           Power        Failure   Level  Hunger
 Beastly Appendage        Tmut           ###...       7%          1    #......
 Animate Skeleton         Necr           N/A          45%         1    #......
 Pain                     Necr           #...         45%         1    #......
 Ice Form                 Ice/Tmut       ##......     75%         4    #####..
 Regeneration             Chrm/Necr      #.........   78%         3    ###....
 Vampiric Draining        Necr           #.........   78%         3    ###....
 Animate Dead             Necr           N/A          98%         4    #####..


Dungeon Overview and Level Annotations

Branches:
Dungeon (6/15)             Temple (1/1) D:4

Altars:
Ashenzari
Cheibriados
Dithmenos
Gozag
Hepliaklqana
Kikubaaqudgha
Makhleb
Nemelex Xobeh
Qazlal
Ru
Sif Muna
Trog
Uskayaw
Vehumet
Wu Jian
Xom
Yredelemnul
Zin
The Shining One

Annotations:
D:6 2 transporters, Menkaure


Innate Abilities, Weirdness & Mutations

((You can breathe bolts of dispelling energy.))
((Your rich purple scales are hard. (AC +6)))
You cannot fit into any form of body armour.
((You are cold-blooded and may be slowed by cold attacks.))
Your life essence is reduced to manifest your ancestor. (-10% HP)


Message History

Follow me!
The orc warrior barely misses Artakama.
Unknown command.
What are your orders? t - Shout!
Orders for allies: a - Attack new target. p - Attack previous target. r - Retreat! s - Stop attacking. g - Guard the area. f - Follow me.
Anything else - Cancel.
Follow me!
The orc warrior hits Artakama with a +0 long sword.
What are your orders? t - Shout!
Orders for allies: a - Attack new target. p - Attack previous target. r - Retreat! s - Stop attacking. g - Guard the area. f - Follow me.
Anything else - Cancel.
Retreat in which direction?
Fall back!
What are your orders? t - Shout!
Orders for allies: a - Attack new target. r - Retreat! s - Stop attacking. g - Guard the area. f - Follow me.
Anything else - Cancel.
Gang up on whom?
Aim: an orc warrior, wielding a +0 long sword and wearing a +0 plate armour Attack!
Artakama completely misses the orc warrior.
You turn into a venomous arachnid creature.
Your cursed +0 hand crossbow melds into your body.
Your +0 pair of gloves melds into your body.
Artakama misses the orc warrior.
The orc warrior completely misses you.
You hit the orc warrior but do no damage.
Artakama closely misses the orc warrior.
The orc barely misses you.
The orc warrior hits you with a +0 long sword.
* * * LOW HITPOINT WARNING * * *
You closely miss the orc.
Artakama hits the orc warrior but does no damage.
The orc hits you with a +0 club.
* * * LOW HITPOINT WARNING * * *
You hit the orc warrior.
The orc warrior is poisoned.
The orc warrior hits you with a +0 long sword!!
* * * LOW HITPOINT WARNING * * *
Artakama barely misses the orc warrior.
The orc completely misses you.
Artakama hits the orc warrior.
The orc warrior misses you.
Artakama closely misses the orc warrior.
Artakama hits the orc warrior.
The orc barely misses Artakama.
The orc warrior hits you with a +0 long sword!
You die...

#.#..#...........#
#.#..#...........#
#.#..#...........#
#(#<.#.........R.#
##'#.##.####...##.#
#..o...........'..#
#..R.##.####...####
#.####.oo###.#.##...######
#........s.>..............
#######'###..#.###########
#.# #..#.########### #.#
#...........)..)
####.####.#.###########
#.....R...#.# #
#......####.# # #......#
#.# # #......# #.. #


You could see the friendly Artakama the ancestor, an orc warrior and 2 orcs.

Vanquished Creatures
  An orc warrior (D:6)
  2 phantoms (D:4)
  2 sky beasts
  An ogre (D:4)
  2 bullfrogs (D:6)
  A scorpion (D:5)
  A howler monkey (D:5)
  A crimson imp (D:5)
  A centaur skeleton (D:4)
  A gnoll shaman (D:5)
  4 hounds
  2 bullfrog skeletons
  A centaur zombie (D:5)
  A jelly (D:6)
  An orc priest (D:6)
  An iguana (D:3)
  A worker ant (D:3)
  2 gnolls
  8 adders
  A shadow imp (D:6)
  2 oozes
  An adder zombie (D:5)
  An adder skeleton (D:2)
  2 worms
  4 dart slugs
  3 leopard geckos
  16 orcs
  3 ball pythons
  15 bats
  3 giant cockroaches
  10 goblins
  10 hobgoblins
  6 jackals
  2 quokkas
  6 frilled lizards
  12 kobolds
  A quokka skeleton (D:6)
  5 rats
137 creatures vanquished.

Vanquished Creatures (collateral kills)
  2 ogres
  A centaur (D:6)
  A bullfrog (D:3)
  A hound (D:5)
  A centaur skeleton (D:4)
  2 orc wizards (D:5)
  An iguana (D:2)
  A worker ant (D:5)
  7 gnolls
  2 leopard geckos
  3 orcs
  3 giant cockroaches
  2 jackals (D:6)
  A jackal skeleton (D:5)
28 creatures vanquished.

Vanquished Creatures (others)
  2 ancestors
2 creatures vanquished.

Grand Total: 167 creatures vanquished

Notes
Turn   | Place    | Note
-------+----------+-------------------------------------------
     0 | D:1      | MalarOregon the Draconian Transmuter began the quest for
                  | the Orb.
     0 | D:1      | Reached XP level 1. HP: 16/16 MP: 3/3
    51 | D:1      | Reached XP level 2. HP: 3/23 MP: 3/5
   465 | D:1      | Learned a level 2 spell: Sticks to Snakes
   904 | D:1      | Reached XP level 3. HP: 27/29 MP: 6/6
  1358 | D:2      | Found a bloodstained altar of Trog.
  1369 | D:2      | Reached XP level 4. HP: 37/37 MP: 7/7
  1881 | D:3      | HP: 1/37 [worker ant (4)]
  2369 | D:3      | Noticed a bullfrog
  2371 | D:3      | Found a radiant altar of Vehumet.
  2384 | D:3      | Killed a bullfrog
  2384 | D:3      | Reached XP level 5. HP: 32/45 MP: 1/8
  3219 | D:4      | Noticed a phantom
  3291 | D:4      | Killed a phantom
  3291 | D:4      | Reached XP level 6. HP: 20/52 MP: 9/9
  4256 | D:4      | Your scales start taking on a rich purple colour.
  4256 | D:4      | Reached XP level 7. HP: 27/60 MP: 3/10
  4555 | D:4      | Found a staircase to the Ecumenical Temple.
  4572 | D:4      | Learned a level 3 spell: Spider Form
  4578 | D:4      | Learned a level 5 spell: Blade Hands
  4580 | Temple   | Entered the Ecumenical Temple
  4693 | Temple   | Became a worshipper of Hepliaklqana the Forgotten
  4746 | D:4      | Reached skill level 5 in Fighting
  4746 | D:4      | Reached skill level 5 in Transmutations
  5447 | D:5      | Entered Level 5 of the Dungeon
  5783 | D:5      | Reached skill level 5 in Dodging
  5918 | D:4      | Reached XP level 8. HP: 43/63 MP: 5/11
  6544 | D:5      | Found a shadowy altar of Dithmenos.
  6787 | D:5      | Found a burning altar of Makhleb.
  7028 | D:6      | Reached * piety under Hepliaklqana
  7104 | D:6      | Found a transporter.
  7104 | D:6      | Found an ancient bone altar of Kikubaaqudgha.
  7106 | D:6      | Found a basalt altar of Yredelemnul.
  7519 | D:6      | Found a transporter.
  7580 | D:6      | Noticed Menkaure
  7755 | D:6      | Mangled by an orc warrior

Skill      XL: |  1  2  3  4  5  6  7  8 |
---------------+-------------------------+-----
Dodging        | 2 3 4 5 6 |  6.0
Fighting       | 2 3 4 5 6 |  6.9
Transmutations | 3 4 5 6 |  6.6
Unarmed Combat | 4 |  4.6
Spellcasting   | |  2.4

Action                   |  1- 3 |  4- 6 |  7- 9 || total
-------------------------+-------+-------+-------++-------
Melee: Unarmed           |    34 |       |   163 ||   197
       Kick              |     4 |       |       ||     4
       Tailslap          |    15 |    54 |    26 ||    95
       Whip              |    27 |       |       ||    27
       Dagger            |    75 |   448 |    42 ||   565
       Punch             |     3 |     2 |     3 ||     8
       Long sword        |       |       |    16 ||    16
       Hand crossbow     |       |       |     2 ||     2
 Fire: Hunting sling     |    67 |       |       ||    67
       Hand crossbow     |       |       |    30 ||    30
Throw: Javelin           |       |       |     6 ||     6
 Cast: Beastly Appendage |     3 |       |       ||     3
       Sticks to Snakes  |     2 |    25 |     5 ||    32
       Spider Form       |       |       |     9 ||     9
  Use: Scroll            |     3 |     6 |     3 ||    12
       Potion            |       |     2 |       ||     2
 Stab: Sleeping          |       |     2 |       ||     2
       Distracted        |       |       |     1 ||     1
  Eat: Chunk             |     2 |    11 |    14 ||    27
Armor: Skin              |    68 |    88 |    62 ||   218
Dodge: Dodged            |   146 |   242 |   188 ||   576
       Rpst.: Long sword |       |       |     5 ||     5
